 Dungeon Sprint DCSS version 0.23.1 (webtiles) character file.

Game seed: 3322557124801481411

218 nuthulu the Covert (level 5, -1/28 HPs)
             Began as a Spriggan Assassin on Mar 7, 2019.
             Was a Follower of Dithmenos.
             Slain by a spriggan
             ... wielding a +0 short sword
              (11 damage)
             ... in the Dungeon (Sprint IV: "Fedhas' Mad Dash").
             The game lasted 00:00:59 (533 turns).

nuthulu the Covert (Spriggan Assassin)               Turns: 533, Time: 00:01:00

Health: -1/28      AC:  3    Str:  7    XL:     5   Next: 63%
Magic:  7/11       EV: 24    Int: 12    God:    Dithmenos [*.....]
Gold:   56         SH:  0    Dex: 19    Spells: 4/4 levels left

rFire    . . .     SeeInvis +   a - +2 dagger
rCold    . . .     Gourm    .   (shield restricted)
rNeg     . . .     Faith    .   c - +0 robe
rPois    .         Spirit   .   (helmet restricted)
rElec    .         Reflect  .   d - +0 cloak
rCorr    .         Harm     .   (gloves unavailable)
MR       .....     NoTele   +   (boots unavailable)
Stlth    +++++.....             l - amulet of invisibility {+Inv}
HPRegen  0.09/turn              (no ring)
MPRegen  0.12/turn              (no ring)

@: very slightly contaminated, hasted, wreathed by umbra, invisible, very quick
A: very small, unfitting armour, see invisible, herbivore, speed 3, slow
metabolism 2
a: Renounce Religion


You were in the Dungeon.
You worshipped Dithmenos.
Dithmenos was aware of your devotion.
You were not hungry.

You visited 1 branch You collected 56 gold pieces.

Inventory:

Hand Weapons
 a - a +2 dagger (weapon)
 b - a +0 blowgun
Missiles
 e - 8 poisoned needles
 f - 2 curare-tipped needles
Armour
 c - a +0 robe (worn)
 d - a +0 cloak (worn)
Jewellery
 l - the amulet of invisibility (around neck) {+Inv}
   (You found it in the Dungeon)

   [amulet of nothing]

   It lets you turn invisible.
Scrolls
 m - a scroll of blinking
 n - a scroll of remove curse {unknown}
Potions
 h - 2 potions of curing
 i - a potion of heal wounds
 k - 2 potions of magic
Comestibles
 g - 2 rations


   Skills:
 - Level 3.4 Fighting
 + Level 6.3 Short Blades
 - Level 2.0 Throwing
 + Level 7.9 Dodging
 + Level 10.3 Stealth
 * Level 7.2 Evocations


You had 4 spell levels left.
You didn't know any spells.
Your spell library was empty.

Dungeon Overview and Level Annotations

Branches:
Dungeon (1/1)

Altars:
Cheibriados
Dithmenos
Elyvilon
Gozag
Hepliaklqana
Kikubaaqudgha
Makhleb
Nemelex Xobeh
Okawaru
Qazlal
Ru
Sif Muna
Trog
Uskayaw
Vehumet
Wu Jian
Xom
Yredelemnul
Zin
The Shining One
Beogh
Jiyva
Lugonu


Innate Abilities, Weirdness & Mutations

You are very small and have problems with some larger weapons.
You are too small for most types of armour.
You have supernaturally acute eyesight. (SInv)
You are a herbivore.
You cover ground extremely quickly.
You need to consume almost no food.


Message History

You hit the spriggan but do no damage.
The spriggan is moderately wounded.
The spriggan closely misses you.
You hit the spriggan.
The spriggan is heavily wounded.
Unknown command.
The spriggan blocks your attack.
The spriggan is heavily wounded.
The spriggan hits you with a +0 short sword!
The spriggan blocks your attack.
The spriggan is heavily wounded.
The spriggan completely misses you.
Unknown command.
You feel yourself speed up. The spriggan completely misses you.
You closely miss the spriggan.
The spriggan is heavily wounded.
You closely miss the spriggan.
The spriggan is heavily wounded.
The spriggan hits you with a +0 short sword!
You die...

####################
⌠._._._._.⌠.#..'@i.#
._._._._._..'..#$.$#
.._._._._...#..###+#
._._._._._..#.)#
_._._._._.⌠.####
#############


You could see a spriggan.

Vanquished Creatures
  A scorpion (D)
  3 oklob saplings (D)
  A worker ant (D)
  A spriggan (D)
  A river rat (D)
  A rat (D)
8 creatures vanquished.

Notes
Turn   | Place    | Note
-------+----------+-------------------------------------------
     0 | D        | nuthulu the Spriggan Assassin began the quest for the Orb.
     0 | D        | Reached XP level 1. HP: 10/10 MP: 2/2
    29 | D        | Reached skill level 6 in Stealth
    29 | D        | Reached XP level 2. HP: 5/15 MP: 3/3
   352 | D        | Noticed an oklob sapling
   354 | D        | Killed an oklob sapling
   354 | D        | Reached skill level 7 in Stealth
   354 | D        | Reached XP level 3. HP: 20/20 MP: 4/4
   357 | D        | Found the amulet of invisibility {+Inv}
   358 | D        | Reached skill level 5 in Dodging
   358 | D        | Reached skill level 8 in Stealth
   377 | D        | Found an opulent altar of Gozag.
   377 | D        | Found a hazy altar of Hepliaklqana.
   377 | D        | Found a burning altar of Makhleb.
   377 | D        | Found a sparkling altar of Nemelex Xobeh.
   377 | D        | Found a sacrificial altar of Ru.
   377 | D        | Found a deep blue altar of Sif Muna.
   377 | D        | Found an ornate altar of the Wu Jian Council.
   377 | D        | Found a shimmering altar of Xom.
   377 | D        | Found a basalt altar of Yredelemnul.
   378 | D        | Found a viscous altar of Jiyva.
   378 | D        | Found a roughly hewn altar of Beogh.
   378 | D        | Found a snail-covered altar of Cheibriados.
   378 | D        | Found a bloodstained altar of Trog.
   378 | D        | Noticed an oklob sapling priest
   379 | D        | Found an iron altar of Okawaru.
   379 | D        | Found a shadowy altar of Dithmenos.
   379 | D        | Found a glowing silver altar of Zin.
   380 | D        | Found a hide-covered altar of Uskayaw.
   380 | D        | Found an ancient bone altar of Kikubaaqudgha.
   381 | D        | Found a stormy altar of Qazlal.
   381 | D        | Found a glowing golden altar of the Shining One.
   381 | D        | Found a white marble altar of Elyvilon.
   382 | D        | Found a radiant altar of Vehumet.
   382 | D        | Found a corrupted altar of Lugonu.
   385 | D        | Killed an oklob sapling priest
   385 | D        | Reached skill level 5 in Short Blades
   385 | D        | Reached skill level 9 in Stealth
   385 | D        | Reached XP level 4. HP: 24/24 MP: 2/8
   388 | D        | Became a worshipper of Dithmenos the Shadowed
   518 | D        | Reached skill level 5 in Evocations
   518 | D        | Reached XP level 5. HP: 28/28 MP: 6/10
   525 | D        | Reached * piety under Dithmenos
   525 | D        | Reached skill level 10 in Stealth
   533 | D        | Slain by a spriggan

Skill      XL: |  1  2  3  4  5 |
---------------+----------------+-----
Fighting       | 2 3 |  3.4
Short Blades   | 3 4 5 6 |  6.3
Dodging        | 3 4 6 7 |  7.9
Stealth        | 6 7 9 10 | 10.3
Evocations     | 4 5 7 |  7.2
Throwing       | |  2.0

Action                   |  1- 3 |  4- 6 || total
-------------------------+-------+-------++-------
Melee: Dagger            |    24 |    10 ||    34
 Abil: Evoke Invisibilit |     1 |     1 ||     2
  Use: Potion            |     1 |     1 ||     2
 Stab: Sleeping          |     3 |     2 ||     5
       Invisible         |       |     1 ||     1
Dodge: Dodged            |     9 |     4 ||    13
